Map: Terraform LE (Void)

Players

Dunmait - Winner!

  • Race: Protoss Protoss
  • League: Bronze

wabbajack

  • Race: Zerg Zerg
  • League: Gold

VOD

Have the link to the VOD?

Description

Time

  • Played on: July 19, 2015, 8:18 p.m.
  • Length: 8:24
Show
View Real Time Build Order
Export as new Build Order

Dunmait Protoss - Winner!

Build Orders: 1 Gate Expand 

Get SALT Encoding   

  12  0:10  Pylon  
  12  0:13  Probe  
  13  0:25  Probe  
  14  0:31  Gateway  
  14  0:38  Probe (Chrono Boost)  
  15  0:49  Probe (Chrono Boost)  
  16  0:56  Probe (Chrono Boost)  
  17  1:15  Nexus  
  17  1:27  Cybernetics Core  
  17  1:28  Probe (Chrono Boost)  
  18  1:38  Probe (Chrono Boost), Assimilator  
  19  1:43  Assimilator  
  19  1:47  Probe  
  20  1:59  Probe  
  21  2:10  Pylon  
  21  2:11  Probe (Chrono Boost)  
  22  2:27  Probe  
  23  2:34  Gateway  
  23  2:35  Warp Gate (Chrono Boost)  
  25  2:37  Adept, Pylon  
  25  2:39  Probe  
  25  2:42  Probe  
  27  2:52  Gateway  
  27  2:55  Probe (Chrono Boost)  
  27  2:57  Probe (Chrono Boost)  
  29  3:07  Probe (Chrono Boost)  
  29  3:09  Probe (Chrono Boost)  
  31  3:20  Adept  
  31  3:22  Probe x2  
  34  3:27  Pylon  
  34  3:32  Adept  
  36  3:37  Probe x2  
  38  3:43  Adept  
  38  3:46  Forge  
  40  3:54  Robotics Facility  
  40  3:59  Pylon  
  41  4:03  Probe (Chrono Boost)  
  41  4:04  Mothership Core (Chrono Boost)  
  44  4:17  Probe (Chrono Boost)  
  44  4:20  Probe (Chrono Boost)  
  33  4:24  Probe  
  34  4:35  Probe  
  34  4:37  Probe  
  36  4:47  Probe  
  36  4:49  Probe  
  38  4:59  Probe  
  39  5:01  Probe  
  39  5:06  Robotics Bay  
  40  5:11  Probe  
  40  5:12  Pylon  
  40  5:13  Probe  
  42  5:14  Adept  
  44  5:23  Probe  
  44  5:25  Probe  
  46  5:30  Adept x2  
  49  5:35  Probe  
  49  5:39  Probe  
  41  5:47  Probe  
  35  5:51  Probe  
  35  5:54  Adept  
  37  5:59  Probe  
  37  6:03  Probe  
  36  6:12  Probe  
  36  6:14  Adept x2  
  36  6:15  Probe  
  38  6:24  Probe  
  39  6:27  Probe  
  40  6:36  Stalker, Probe, Zealot x2  
  40  6:39  Probe  
  46  6:48  Probe  
  43  6:57  Stalker x2  
  43  7:00  Probe x2  
  45  7:12  Probe x2  
  45  7:14  Stalker  
  47  7:21  Zealot x2  
  49  7:25  Probe x2  
  47  7:37  Probe x2  
  47  7:49  Probe x2  
  49  7:56  Stalker x2  
  53  7:59  Zealot  
  53  8:01  Probe x2  
  53  8:11  Pylon  
Show
View Real Time Build Order
Export as new Build Order

wabbajack Zerg 

Build Orders: Hatch First, Zergling Baneling 

Get SALT Encoding   

  12  0:01  Drone  
  13  0:15  Overlord  
  13  0:18  Drone  
  14  0:23  Drone, Extractor  
  15  0:37  Drone  
  16  0:51  Hatchery  
  16  0:55  Drone  
  16  0:57  Drone  
  16  1:00  Extractor  
  16  1:02  Drone  
  17  1:07  Extractor  
  17  1:10  Drone  
  17  1:31  Spawning Pool  
  16  1:33  Drone  
  16  1:34  Drone  
  18  1:51  Drone  
  19  2:18  Queen  
  19  2:19  Metabolic Boost  
  19  2:21  Pneumatized Carapace  
  21  2:28  Baneling Nest  
  20  2:33  Drone x2  
  20  2:34  Drone  
  23  2:39  Zergling x2  
  23  2:40  Zergling x2  
  23  2:43  Zergling x2  
  26  2:45  Zergling x2  
  27  3:12  Zergling x2  
  28  3:18  Overlord  
  28  3:19  Overlord  
  28  3:26  Baneling x2  
  28  3:27  Baneling x2  
  28  3:33  Baneling x2  
  27  4:17  Zergling x4  
  27  4:18  Zergling x12  
  27  4:21  Queen  
  35  4:24  Lair  
  33  4:41  Roach Warren  
  33  4:42  Evolution Chamber  
  33  4:43  Spine Crawler  
  30  4:46  Spine Crawler  
  29  4:53  Baneling x3  
  29  4:58  Baneling  
  29  5:27  Drone  
  29  5:28  Drone x9  
  30  6:12  Roach x7  
  44  6:21  Hydralisk Den, Queen  
  44  6:24  Spine Crawler, Queen  
  32  7:14  Roach x6  
  44  7:21  Overlord x2  
Tags
 
Add a new tag
Caveats
  • Supply blocks, unpowered buildings, or Contaminate may cause inaccurate times.
  • Supply counts are checked every 10 seconds.